 Dungeon Crawl Stone Soup version 0.25-a0-482-g9b3b753f3f (webtiles) character file.

Game seed: 14850639144061612205, levelgen mode: deterministic

6597 Emblim88 the Grappler (level 10, -4/100 HPs)
             Began as a Troll Monk on Feb 10, 2020.
             Was a High Priest of Zin.
             Slain by a two-headed ogre
             ... wielding a +0 giant club
              (12 damage)
             ... on level 11 of the Dungeon.
             The game lasted 00:21:28 (9331 turns).

Emblim88 the Grappler (Troll Monk)                  Turns: 9331, Time: 00:21:28

Health: -4/100     AC:  9    Str: 24    XL:     10   Next: 71%
Magic:  13/13      EV: 12    Int:  6    God:    Zin [*****.]
Gold:   115        SH:  0    Dex: 12    Spells: 7/9 levels left

rFire    . . .     SeeInvis .     - Unarmed
rCold    . . .     Gourm    +   (no shield)
rNeg     + . .     Faith    .   G - +1 robe {MR+}
rPois    .         Spirit   .   p - +1 hat {MR+}
rElec    .         Reflect  .   r - +0 cloak
rCorr    .         Harm     .   (gloves unavailable)
MR       ++...                  (boots unavailable)
Stlth    ++........             h - amulet of rage
HPRegen  0.66/turn              c - ring of positive energy
MPRegen  0.13/turn              x - ring of wizardry

@: no status effects
A: large, unfitting armour, claws 3, fast metabolism 3, gourmand, regeneration
1, shaggy fur 1, tough skin 3
a: Recite, Vitalisation, Imprison, Sanctuary, Donate Gold, Renounce Religion,
Evoke Berserk Rage


You were on level 11 of the Dungeon.
You worshipped Zin.
Zin was extremely pleased with you.
You were hungry.

You visited 1 branch of the dungeon, and saw 11 of its levels.

You collected 412 gold pieces.
You spent 256 gold pieces at shops.
You donated 41 gold pieces to Zin.

Inventory:

Missiles
 j - 262 stones (quivered)
 u - 3 large rocks
Armour
 p - a +1 hat of magic resistance (worn)
 r - a +0 cloak (worn)
 G - a +1 robe of magic resistance (worn)
 S - +0 steam dragon scales
Jewellery
 a - an uncursed ring of protection from cold
 c - a ring of positive energy (left claw)
 g - an uncursed amulet of the acrobat
 h - an amulet of rage (around neck)
 t - an uncursed ring of protection from fire
 x - a ring of wizardry (right claw)
 J - an uncursed ring of flight
Wands
 k - a wand of flame (33)
 l - a wand of digging (12)
 z - a wand of iceblast (7)
 B - a wand of paralysis (11)
 L - a wand of acid (6)
 N - a wand of enslavement (11)
Scrolls
 d - 3 scrolls of teleportation
 f - 4 scrolls of enchant armour
 n - 4 scrolls of remove curse
 q - a scroll of noise {unknown}
 v - a scroll of fog {unknown}
 y - a scroll of fear {unknown}
 C - a scroll of torment {unknown}
 D - a scroll of summoning {unknown}
 E - a scroll of random uselessness {unknown}
 F - a scroll of immolation {unknown}
 I - a scroll of vulnerability {unknown}
 O - 2 scrolls of identify
 R - a scroll of holy word {unknown}
Potions
 e - 3 potions of flight {unknown}
 m - a potion of magic
 o - a potion of ambrosia
 s - 2 potions of berserk rage {unknown}
 w - a potion of agility
 A - 4 potions of haste
 H - 3 potions of mutation {unknown}
 K - a potion of might
 M - a potion of curing
 P - 2 potions of lignification {unknown}
Miscellaneous
 Q - a phantom mirror
Comestibles
 b - 15 rations


   Skills:
 + Level 6.4 Fighting
 + Level 6.2 Dodging
 - Level 1.0 Stealth
 * Level 10.6 Unarmed Combat
 + Level 3.5 Air Magic
 + Level 5.4 Invocations


You had 7 spell levels left.
You knew the following spells:

 Your Spells              Type           Power        Failure   Level  Hunger
a - Swiftness             Chrm/Air       #.......     16%         2    ###....

Your spell library contained the following spells:

 Spells                   Type           Power        Failure   Level  Hunger
 Shock                    Conj/Air       #...         10%         1    ##.....
 Static Discharge         Conj/Air       #.......     28%         3    ####...
 Airstrike                Air            #.........   41%         4    #####..
 Lightning Bolt           Conj/Air       #.........   92%         5    ######.


Dungeon Overview and Level Annotations

Branches:
Dungeon (11/15)            Temple (0/1) D:4
   Lair: D:8-11         Orc: D:9-12

Altars:
Ashenzari
Cheibriados
Dithmenos
Elyvilon
Fedhas
Gozag
Hepliaklqana
Kikubaaqudgha
Makhleb
Nemelex Xobeh
Okawaru
Qazlal
Ru
Sif Muna
Uskayaw
Xom
Yredelemnul
Zin

Shops:
D:4 ?(!*=   D:5 %   D:9 %


Innate Abilities, Weirdness & Mutations

You are too large for most types of armour.
You have claws for hands.
Your metabolism is lightning-fast.
You like to eat raw meat.
Your natural rate of healing is unusually fast.
You are covered in fur. (AC +1)
You have extremely tough skin. (AC +3)


Message History

The two-headed ogre hits you with a +0 giant club.
You claw the two-headed ogre!
The two-headed ogre is almost dead.
The two-headed ogre hits you with a +0 giant club!!
The two-headed ogre hits you with a +0 giant club!
You are too injured to fight recklessly!
You are too injured to fight recklessly!
You barely miss the two-headed ogre.
The two-headed ogre is almost dead.
You scratch the two-headed ogre but do no damage.
The two-headed ogre is almost dead.
The two-headed ogre closely misses you.
The two-headed ogre hits you with a +0 giant club!!
* * * LOW HITPOINT WARNING * * *
You barely miss the two-headed ogre.
The two-headed ogre is almost dead.
You completely miss the two-headed ogre.
The two-headed ogre is almost dead.
The two-headed ogre hits you with a +0 giant club!
You die...

.....# ....# ###+#...#
...### #.......# #....#
#.......# #....#
#.......# #....#
#.......# #(...#
#......<#
#.(<.########.......#
#..[@).............<#
#....O..............#
.......................#
...................#####
....###..(./....O...#
.... #####...>.....#
.... #.^.(.c...#
#....(..### #########


You could see a two-headed ogre.

Vanquished Creatures
  An unseen horror (D:9)
  Pikel (D:4)
  A cyclops (D:7)
  Maggie (D:10)
  Grinder (D:3)
  3 hippogriffs
  A hungry ghost (D:10)
  4 ice beasts
  2 orc warriors
  A sky beast (D:7)
  A necrophage (D:8)
  3 ogres
  2 phantoms
  7 centaurs
  7 bullfrogs
  A wyvern skeleton (D:10)
  A scorpion (D:8)
  8 killer bees
  4 crimson imps
  2 centaur zombies
  5 jellies
  8 orc wizards
  4 orc priests
  6 hounds
  Crazy Yiuf (D:3)
  4 iguanas
  8 worker ants
  Ijyb (D:3)
  A hound skeleton (D:5)
  6 adders
  3 gnolls (D:10)
  2 shadow imps
  2 oozes
  An adder zombie (D:7)
  A worm (D:3)
  An adder skeleton (D:4)
  2 dart slugs
  5 leopard geckos
  41 orcs
  6 bats
  9 giant cockroaches
  8 hobgoblins
  9 jackals
  7 kobolds
  2 ball pythons (D:2)
  4 frilled lizards
  8 goblins
  A leopard gecko zombie (D:8)
  8 rats
216 creatures vanquished.

Notes
Turn   | Place    | Note
-------+----------+-------------------------------------------
     0 | D:1      | Emblim88 the Troll Monk began the quest for the Orb.
     0 | D:1      | Reached XP level 1. HP: 22/22 MP: 0/0
   294 | D:1      | Reached XP level 2. HP: 29/29 MP: 1/1
   543 | D:1      | Reached XP level 3. HP: 36/36 MP: 2/2
   788 | D:2      | You fall into a shaft and drop 1 floor!
   788 | D:3      | Found a sparkling altar of Nemelex Xobeh.
   803 | D:3      | Found a basalt altar of Yredelemnul.
   808 | D:3      | Reached skill level 4 in Unarmed Combat
   819 | D:3      | Found a shimmering blue altar of Sif Muna.
   900 | D:3      | Reached XP level 4. HP: 45/45 MP: 3/3
   945 | D:3      | Found a glowing silver altar of Zin.
  1115 | D:3      | Noticed Ijyb
  1125 | D:3      | Killed Ijyb
  1233 | D:3      | Noticed Grinder
  1247 | D:3      | Killed Grinder
  1247 | D:3      | Reached skill level 5 in Unarmed Combat
  1247 | D:3      | Reached XP level 5. HP: 18/53 MP: 4/4
  1247 | D:3      | Reached XP level 6. HP: 21/61 MP: 5/5
  1502 | D:3      | Became a worshipper of Zin the Law-Giver
  1502 | D:3      | Reached * piety under Zin
  1502 | D:3      | Reached ** piety under Zin
  1761 | D:3      | Found a runed translucent door.
  1762 | D:3      | Noticed Crazy Yiuf
  1952 | D:3      | Killed Crazy Yiuf
  2040 | D:2      | Found a sacrificial altar of Ru.
  2183 | D:2      | Found a shadowy altar of Dithmenos.
  2548 | D:2      | Reached skill level 6 in Unarmed Combat
  3004 | D:4      | Reached XP level 7. HP: 46/68 MP: 6/6
  3083 | D:4      | Found Ibihat Suth's Distillery.
  3090 | D:4      | Bought a potion of curing for 36 gold pieces
  3109 | D:4      | Found Qufuots's Assorted Antiques.
  3164 | D:4      | Noticed Pikel
  3179 | D:4      | Killed Pikel
  3179 | D:4      | Reached skill level 7 in Unarmed Combat
  3179 | D:4      | Reached XP level 8. HP: 26/79 MP: 6/8
  3190 | D:4      | Found Wackem's Jewellery Shop.
  3219 | D:4      | Found a staircase to the Ecumenical Temple.
  3426 | D:4      | Found a snail-covered altar of Cheibriados.
  3454 | D:4      | Learned a level 2 spell: Swiftness
  3498 | D:4      | Found Xorugg's Magic Scroll Shop.
  3620 | D:4      | Found Cakyn's Weapon Boutique.
  3874 | D:5      | Entered Level 5 of the Dungeon
  3974 | D:5      | Found a stormy altar of Qazlal.
  4181 | D:5      | Found Edwynt's Food Shoppe.
  4368 | D:5      | Found a shimmering blue altar of Sif Muna.
  4370 | D:5      | Found a shimmering altar of Xom.
  4370 | D:5      | Found a hide-covered altar of Uskayaw.
  4372 | D:5      | Found a shimmering altar of Xom.
  4372 | D:5      | Found a shattered altar of Ashenzari.
  4372 | D:5      | Found an opulent altar of Gozag.
  4436 | D:5      | Reached *** piety under Zin
  4683 | D:6      | Reached skill level 1 in Air Magic
  6124 | D:7      | Reached skill level 8 in Unarmed Combat
  6165 | D:7      | Found a hazy altar of Hepliaklqana.
  6183 | D:7      | Reached **** piety under Zin
  6245 | D:7      | Reached skill level 5 in Fighting
  6325 | D:7      | Found a blossoming altar of Fedhas.
  6446 | D:7      | Reached XP level 9. HP: 85/88 MP: 10/10
  6462 | D:7      | Found an ancient bone altar of Kikubaaqudgha.
  6473 | D:7      | Noticed a cyclops
  6496 | D:7      | Killed a cyclops
  6496 | D:7      | Reached skill level 5 in Dodging
  6589 | D:7      | Reached skill level 9 in Unarmed Combat
  7128 | D:8      | Found a burning altar of Makhleb.
  7431 | D:8      | Found an iron altar of Okawaru.
  7440 | D:8      | Reached XP level 10. HP: 90/97 MP: 12/12
  7873 | D:9      | Killed an unseen horror
  7873 | D:9      | Reached skill level 10 in Unarmed Combat
  7873 | D:9      | Reached skill level 5 in Invocations
  7959 | D:9      | Found Oruk's Food Shop.
  7962 | D:9      | Bought a ration for 55 gold pieces
  7962 | D:9      | Bought a ration for 55 gold pieces
  7962 | D:9      | Bought a ration for 55 gold pieces
  7962 | D:9      | Bought a ration for 55 gold pieces
  8224 | D:9      | Found a white marble altar of Elyvilon.
  8261 | D:10     | Entered Level 10 of the Dungeon
  8460 | D:10     | Reached ***** piety under Zin
  8771 | D:10     | Noticed Maggie
  8803 | D:10     | Killed Maggie
  9069 | D:11     | Noticed a two-headed ogre
  9075 | D:11     | Noticed a centaur warrior
  9331 | D:11     | Slain by a two-headed ogre

Levels and vault maps discovered:
D:1:      nagdon_arrival_double_spiral, layout_basic
D:2:      layout_basic, grunt_dithmenos_smoke, nicolae_overflow_hidden_temple,
          first_ration, due_unseen_surprise
D:3:      layout_loops_corners, grunt_temple_overflow_cloverleaf,
          portal_sewer_entry_d, minmay_strange_pillars, uniq_ijyb,
          uniq_crazy_yiuf_cottage, uniq_grinder
D:4:      layout_basic, kennysheep_slug_shrine, temple_doors_e, serial_shops,
          nicolae_shop_crystal, shop, shop, kennysheep_mini_moat,
          nicolae_shop_crystal, kennysheep_generic_room_3, uniq_pikel
D:5:      layout_basic, serial_corexii_hall, chequers_hall_statues_y,
          chequers_hall_statues_corner_a, basic_altar, serial_shops,
          kennysheep_mini, doesnt_xom_only_xom
D:6:      layout_loops_corners
D:7:      layout_basic, lemuel_crystal_altar, lemuel_crystal_altar,
          old_standard_altar
D:8:      layout_basic, basic_altar, grunt_ogre_cave, okawaru_gym_becter
D:9:      kennysheep_six_static_rooms, layout_cave_pools, lemuel_doored_altar,
          serial_shops, nicolae_shop_behind_doors
D:10:     layout_loops_ring, uniq_maggie
D:11:     layout_irregular_city, minmay_lair_entry_grove, orc_0_dummy,
          uniq_josephine

Skill      XL: |  1  2  3  4  5  6  7  8  9 10 |
---------------+-------------------------------+-----
Fighting       | 3 4 5 6 |  6.4
Unarmed Combat | 4 5 6 7 8 9 10 | 10.6
Dodging        | 3 4 5 6 |  6.2
Invocations    | 2 3 4 5 |  5.4
Air Magic      | 1 2 3 |  3.5
Stealth        | |  1.0

Action                   |  1- 3 |  4- 6 |  7- 9 | 10-12 || total
-------------------------+-------+-------+-------+-------++-------
Melee: Unarmed           |    83 |   107 |   288 |   180 ||   658
       Punch             |     1 |     2 |    13 |     4 ||    20
Invok: Vitalisation      |       |       |     1 |       ||     1
 Abil: Evoke Berserk Rag |       |       |     1 |       ||     1
Evoke: Wand              |       |       |     1 |     1 ||     2
  Use: Scroll            |       |       |     8 |     2 ||    10
       Potion            |       |       |     4 |     1 ||     5
 Stab: Sleeping          |     2 |     2 |     3 |     1 ||     8
  Eat: Chunk             |     9 |     9 |    26 |     8 ||    52
       Ration            |       |     2 |     7 |       ||     9
Armor: Robe              |    26 |    23 |   104 |    63 ||   216
Dodge: Dodged            |    36 |    46 |   148 |   104 ||   334

Table legend:
 A = Non-vault XP
 B = Vault XP
 C = Vault XP percentage of total XP
 D = Non-vault monster count
 E = Vault monster count
 F = Vault count percentage of total count
                 A         B        C        D         E       F
            +---------+---------+-------+---------+---------+-------
      Total |    7822 |    1603 |  17.0 |     204 |      12 |   5.6
            +---------+---------+-------+---------+---------+-------
        D:1 |      47 |       0 |   0.0 |      23 |       0 |   0.0
        D:2 |      44 |       0 |   0.0 |      13 |       0 |   0.0
        D:3 |     189 |     354 |  65.2 |      29 |       4 |  12.1
        D:4 |     320 |     633 |  66.4 |      13 |       2 |  13.3
        D:5 |     445 |       0 |   0.0 |      13 |       0 |   0.0
        D:6 |     275 |       0 |   0.0 |      11 |       0 |   0.0
        D:7 |    1979 |       0 |   0.0 |      24 |       0 |   0.0
        D:8 |    1537 |     118 |   7.1 |      33 |       1 |   2.9
        D:9 |    1305 |     119 |   8.4 |      10 |       4 |  28.6
       D:10 |    1369 |     379 |  21.7 |      32 |       1 |   3.0
       D:11 |     312 |       0 |   0.0 |       3 |       0 |   0.0
            +---------+---------+-------+---------+---------+-------
